AoeStats
← teko55

Black Forest

507067197Analyzed
4v4 RM · 16d ago on Sep 16, 2026· 38m 18s· 8 players
Game mode
Random Map
Map size
Large (8 player)
Population
200
Speed
Normal
Resources
Standard
Victory
Conquest
Starting age
Dark Age
Ending age
Imperial Age
RankedLock teamsTeams togetherTeam positionsShared explorationLock speedFull tech treeHidden civsTurbo modeCheats
Victory
Defeat
🇪🇸 Turks · Spain
1365
+13
🇨🇳 Persians · China
1363
+13
🇪🇸 Shu · Spain
1350
+13
🇻🇳 Teutons · Vietnam
1316
+15
🇯🇵 Japanese · Japan
1322
-15
🇨🇴 Inca · Colombia
1313
-14
🇵🇪 Italians · Peru
1274
-13
🇯🇵 Teutons · Japan
1261
-12
juan quevedo
11:28 Feudal Age
15:00 Castle Age
14:29 Fishing Lines
17:46 Double-Bit Axe
18:53 Bow Saw
18:54 Horse Collar
19:10 Loom
20:00 Town Watch
21:38 Heavy Plow
23:01 Gold Mining
24:34 Wheelbarrow
24:19 Stone Mining
25:36 Squires
26:16 Hand Cart
27:15 Scale Mail Armor
27:25 Forging
27:06 Fletching
27:38 Ballistics
27:29 Masonry
31:12 Imperial Age
29:27 Gold Shaft Mining
29:48 Thumb Ring
29:39 Bodkin Arrow
30:02 Chain Mail Armor
30:22 Iron Casting
30:51 Stone Shaft Mining
30:09 Pikeman
31:12 Town Patrol
31:14 Padded Archer Armor
31:58 Sanctity
31:22 Treadmill Crane
32:44 Fabric Shields
33:04 Conscription
32:45 Andean Sling
32:28 Elite Skirmisher
33:06 Halberdier
33:35 Capped Ram
34:23 Siege Engineers
34:54 Arson
36:19 Blast Furnace
35:45 Bracer
36:16 Plate Mail Armor
37:00 Hoardings
36:42 Caravan
teko55
9:12 Loom
13:21 Feudal Age
17:17 Castle Age
15:46 Double-Bit Axe
17:35 Fishing Lines
21:43 Bow Saw
21:55 Horse Collar
24:40 Horse Collar
26:19 Heavy Plow
26:55 Wheelbarrow
28:05 Hand Cart
30:24 Imperial Age
28:32 Stone Mining
29:02 Scale Mail Armor
29:14 Forging
29:57 Gillnets
30:27 Chain Mail Armor
30:52 Fervor
30:37 Pikeman
31:18 Squires
31:54 Iron Casting
32:04 Halberdier
34:09 Conscription
34:21 Fletching
35:02 Plate Mail Armor
36:39 Blast Furnace
36:17 Hoardings
37:08 Two-Man Saw
36:05 Bodkin Arrow
ohawan12312
2:30 Loom
11:39 Feudal Age
12:25 Double-Bit Axe
20:58 Castle Age
21:15 Horse Collar
32:07 Coinage
34:16 Wheelbarrow
AGARRINI LA PALINI
0:26 Loom
11:26 Feudal Age
14:03 Double-Bit Axe
18:52 Castle Age
20:10 Bow Saw
21:01 Wheelbarrow
26:19 Imperial Age
26:53 Silk Road
27:44 Caravan
30:09 Horse Collar
31:50 Guilds
34:02 Chemistry
33:37 Fortified Wall
34:17 Masonry
34:29 Fortified Wall
34:33 Fletching
34:43 Padded Archer Armor
36:50 Bombard Tower
36:11 Treadmill Crane
37:24 Bodkin Arrow
37:44 Leather Archer Armor
Mr.Brrum
3:02 Loom
10:20 Feudal Age
10:47 Double-Bit Axe
13:02 Fletching
15:29 Horse Collar
22:00 Castle Age
19:56 Gold Mining
21:51 Padded Archer Armor
22:03 Crossbowman
22:38 Bodkin Arrow
23:18 Bow Saw
28:12 Fishing Lines
32:36 Wheelbarrow
36:25 Imperial Age
33:42 Town Watch
33:58 Stone Mining
34:38 Leather Archer Armor
37:00 Thumb Ring
37:12 Bracer
36:38 Arbalester
38:24 Chemistry
38:19 Ballistics
38:28 Conscription
39:27 Ring Archer Armor
Zivag
11:52 Feudal Age
15:36 Castle Age
14:19 Double-Bit Axe
14:20 Loom
14:30 Horse Collar
19:08 Bow Saw
19:07 Heavy Plow
28:44 Imperial Age
27:39 Fletching
27:50 Padded Archer Armor
28:19 Bodkin Arrow
29:19 Leather Archer Armor
29:58 Ballistics
29:49 Bracer
32:11 Thumb Ring
32:38 Ring Archer Armor
32:15 Scale Barding Armor
33:29 Two-Man Saw
32:45 Husbandry
33:32 Wheelbarrow
32:49 Town Watch
34:22 Forging
34:33 Chain Barding Armor
34:16 Caravan
35:22 Murder Holes
35:44 Masonry
36:53 Iron Casting
36:54 Plate Barding Armor
36:14 Gold Mining
36:14 Stone Mining
37:46 Bloodlines
38:38 Blast Furnace
sb Zilove_
4:53 Loom
11:29 Feudal Age
12:04 Double-Bit Axe
15:16 Castle Age
14:31 Fishing Lines
16:54 Bow Saw
20:41 Horse Collar
25:04 Gillnets
25:36 Bloodlines
25:26 Husbandry
25:47 Stone Mining
25:47 Gold Mining
28:47 Imperial Age
26:53 Wheelbarrow
28:32 Masonry
28:30 Scale Barding Armor
28:35 Forging
30:19 Chemistry
28:52 Elite War Elephant
30:11 Chain Barding Armor
31:07 Stone Shaft Mining
30:22 Gold Mining
30:15 Onager
31:33 Iron Casting
31:52 Conscription
32:04 Devotion
32:56 Gold Shaft Mining
33:24 Blast Furnace
33:52 Plate Barding Armor
36:31 Heavy Plow
37:23 Hand Cart
39:04 Architecture
minhkhaidz204
10:21 Feudal Age
15:53 Castle Age
14:12 Double-Bit Axe
14:51 Horse Collar
17:06 Bow Saw
16:58 Heavy Plow
17:58 Wheelbarrow
19:14 Stone Mining
20:01 Gold Mining
23:03 Stone Shaft Mining
24:01 Hand Cart
24:31 Loom
30:35 Imperial Age
28:50 Scale Barding Armor
28:56 Forging
28:58 Bloodlines
29:39 Masonry
30:23 Chain Barding Armor
30:40 Cavalier
32:12 Plate Barding Armor
32:13 Iron Casting
32:20 Crop Rotation
32:54 Two-Man Saw
34:03 Caravan
34:07 Paladin
35:02 Scale Mail Armor
36:05 Blast Furnace
Connection lost

Rejoining the realm…

Still unreachable

The connection could not be restored.

Session expired

The server has moved on; the page needs a fresh start.